| TOP OF THE 1ST |
|
Oakland (APP) Athletics batting - Pitching for Pulaski Yankees : RHP Chris McCoy
|
|
Pitching: RHP Chris McCoy
|
|
|
Batting: RHB Steve Blackshear
|
0-0: Ball 1-0: Ball 2-0: Foul Ball, location: 2F 2-1: Called Strike 2-2: Ball 3-2: Foul Ball, location: 2F 3-2: Strikes out looking
|
|
Batting: LHB Mark Friedmann
|
0-0: Ground out 1-3 (Groundball, 13S, EV 68.1 MPH)
|
|
Batting: RHB Matt Black
|
0-0: Ball 1-0: Swinging Strike 1-1: Ball 2-1: Called Strike 2-2: Strikes out swinging
|
| Top of the 1st over - 0 runs, 0 hits, 0 errors, 0 left on base; Oakland (APP) 0 - Pulaski 0 |
| BOTTOM OF THE 1ST |
|
Pulaski Yankees batting - Pitching for Oakland (APP) Athletics : LHP Kevin Barteaux
|
|
Pitching: LHP Kevin Barteaux
|
|
|
Batting: RHB Bobby Melillo
|
0-0: Called Strike 0-1: Ball 1-1: Ball 2-1: SINGLE (Groundball, 25, EV 67.5 MPH) (infield hit)
|
|
Batting: LHB Joel Vera
|
0-0: Called Strike 0-1: Ball 1-1: Foul Ball, location: 2F 1-2: Foul Ball, location: 2F 1-2: Ball 2-2: Foul Ball, location: 2F 2-2: Ball 3-2: DOUBLE (Flyball, 78D, EV 103.8 MPH) Bobby Melillo to third
|
|
Batting: SHB Blake Abbott
|
0-0: Ball 1-0: Fly out, F8 (Flyball, 8LXD, EV 86.3 MPH) Runner from 3rd tags up, SCORES, no throw by CF Joel Vera to third
|
|
Batting: SHB Victor Ruiz
|
0-0: Called Strike 0-1: Foul Ball, location: 2F 0-2: Ball 1-2: Foul Ball, location: 2F 1-2: Ball 2-2: DOUBLE (Line Drive, 78M, EV 100.6 MPH) Joel Vera scores
|
|
Batting: LHB Dan Morris
|
0-0: Swinging Strike 0-1: Foul Ball, location: 2F 0-2: Ball 1-2: Ball 2-2: Fly out, F7 (Line Drive, 7, EV 89.4 MPH)
|
|
Batting: RHB Johannes Gutermuth
|
0-0: Called Strike 0-1: Ball 1-1: DOUBLE (Groundball, 3L, EV 107.5 MPH) Victor Ruiz scores
|
|
Batting: RHB Jordan Barragan
|
0-0: Ball 1-0: Called Strike 1-1: Foul Ball, location: 2F 1-2: Foul Ball, location: 2F 1-2: Foul Ball, location: 2F 1-2: Ball 2-2: Ball 3-2: Foul Ball, location: 2F 3-2: Base on Balls
|
|
Batting: RHB Roberto Tena
|
0-0: Ball 1-0: Called Strike 1-1: Called Strike 1-2: Strikes out swinging
|
| Bottom of the 1st over - 3 runs, 4 hits, 0 errors, 2 left on base; Oakland (APP) 0 - Pulaski 3 |
| TOP OF THE 2ND |
|
Oakland (APP) Athletics batting - Pitching for Pulaski Yankees : RHP Chris McCoy
|
|
Batting: LHB Augustin Cormier
|
0-0: Ball 1-0: Called Strike 1-1: Ball 2-1: Ball 3-1: Base on Balls
|
|
Batting: RHB Tetsuya Shinoda
|
0-0: Foul Ball, location: 2F 0-1: Grounds into double play, 4-6-3 (Groundball, 4, EV 78.1 MPH)
|
|
Batting: RHB Chris Temple
|
0-0: DOUBLE (Line Drive, 9LS, EV 99.4 MPH)
|
|
Batting: LHB Al Soltero
|
0-0: Called Strike 0-1: Called Strike 0-2: Strikes out swinging
|
| Top of the 2nd over - 0 runs, 1 hit, 0 errors, 1 left on base; Oakland (APP) 0 - Pulaski 3 |
| BOTTOM OF THE 2ND |
|
Pulaski Yankees batting - Pitching for Oakland (APP) Athletics : LHP Kevin Barteaux
|
|
Batting: SHB Joe Fure
|
0-0: Called Strike 0-1: Foul Ball, location: 2F 0-2: Strikes out swinging, 2-3 out at first.
|
|
Batting: RHB Bobby Melillo
|
0-0: Called Strike 0-1: Foul Ball, location: 2F 0-2: Ball 1-2: Ball 2-2: Ground out 6-3 (Groundball, 6, EV 103.8 MPH)
|
|
Batting: LHB Joel Vera
|
0-0: Ball 1-0: Called Strike 1-1: Ball 2-1: Ball 3-1: SINGLE (Line Drive, 8RM, EV 85.6 MPH)
|
|
Batting: SHB Blake Abbott
|
0-0: Ball 1-0: Ball 2-0: Fielders Choice at 2nd, 6-4 (Groundball, 6, EV 83.8 MPH)
|
| Bottom of the 2nd over - 0 runs, 1 hit, 0 errors, 1 left on base; Oakland (APP) 0 - Pulaski 3 |
| TOP OF THE 3RD |
|
Oakland (APP) Athletics batting - Pitching for Pulaski Yankees : RHP Chris McCoy
|
|
Batting: RHB Branden Mackie
|
0-0: Called Strike 0-1: Foul Ball, location: 2F 0-2: Foul Ball, location: 2F 0-2: Ball 1-2: Ball 2-2: Ground out 4-3 (Groundball, 34, EV 81.9 MPH)
|
|
Batting: RHB Tim Anderson
|
0-0: Ball 1-0: Ball 2-0: Ground out U3 (Groundball, 13, EV 86.3 MPH)
|
|
Batting: RHB Steve Blackshear
|
0-0: Foul Ball, location: 2F 0-1: Swinging Strike 0-2: Ball 1-2: Strikes out swinging
|
| Top of the 3rd over - 0 runs, 0 hits, 0 errors, 0 left on base; Oakland (APP) 0 - Pulaski 3 |
| BOTTOM OF THE 3RD |
|
Pulaski Yankees batting - Pitching for Oakland (APP) Athletics : LHP Kevin Barteaux
|
|
Batting: SHB Victor Ruiz
|
0-0: Ball 1-0: Foul Ball, location: 2F 1-1: Foul Ball, location: 2F 1-2: Foul Ball, location: 2F 1-2: Strikes out looking
|
|
Pitching: RHP Victor Sanchez
|
|
|
Batting: LHB Dan Morris
|
0-0: Ball 1-0: Foul Ball, location: 2F 1-1: Called Strike 1-2: Strikes out swinging
|
|
Batting: RHB Johannes Gutermuth
|
0-0: Swinging Strike 0-1: Foul Ball, location: 2F 0-2: Ball 1-2: Strikes out swinging
|
| Bottom of the 3rd over - 0 runs, 0 hits, 0 errors, 0 left on base; Oakland (APP) 0 - Pulaski 3 |
| TOP OF THE 4TH |
|
Oakland (APP) Athletics batting - Pitching for Pulaski Yankees : RHP Chris McCoy
|
|
Batting: LHB Mark Friedmann
|
0-0: Ball 1-0: Called Strike 1-1: Swinging Strike 1-2: Strikes out swinging
|
|
Batting: RHB Matt Black
|
0-0: Ball 1-0: Foul Ball, location: 2F 1-1: Ball 2-1: Ball 3-1: Called Strike 3-2: Foul Ball, location: 2F 3-2: Strikes out swinging
|
|
Batting: LHB Augustin Cormier
|
0-0: Ball 1-0: Swinging Strike 1-1: Ball 2-1: Ball 3-1: Called Strike 3-2: Strikes out swinging
|
| Top of the 4th over - 0 runs, 0 hits, 0 errors, 0 left on base; Oakland (APP) 0 - Pulaski 3 |
| BOTTOM OF THE 4TH |
|
Pulaski Yankees batting - Pitching for Oakland (APP) Athletics : RHP Victor Sanchez
|
|
Batting: RHB Jordan Barragan
|
0-0: Called Strike 0-1: Foul Ball, location: 2F 0-2: Ball 1-2: Ball 2-2: Foul Ball, location: 2F 2-2: Foul Ball, location: 2F 2-2: SINGLE (Flyball, 89S, EV 97.5 MPH)
|
|
Batting: RHB Roberto Tena
|
0-0: Fly out, F9 (Flyball, 9S, EV 91.9 MPH)
|
|
Batting: SHB Joe Fure
|
0-0: Ball Jordan Barragan is caught stealing 2nd base 2-6 1-0: SINGLE (Groundball, 4D, EV 104.4 MPH)
|
|
Batting: RHB Bobby Melillo
|
0-0: Ball 1-0: Called Strike Joe Fure steals 2nd base 1-1: Ball 2-1: Ball 3-1: Ground out 4-3 (Groundball, 4, EV 81.3 MPH)
|
| Bottom of the 4th over - 0 runs, 2 hits, 0 errors, 1 left on base; Oakland (APP) 0 - Pulaski 3 |
| TOP OF THE 5TH |
|
Oakland (APP) Athletics batting - Pitching for Pulaski Yankees : RHP Chris McCoy
|
|
Batting: RHB Tetsuya Shinoda
|
0-0: Called Strike 0-1: Ball 1-1: Reached on error, E5 (Groundball, 56, EV 100.0 MPH)
|
|
Batting: RHB Chris Temple
|
0-0: Grounds into double play, 6-4-3 (Groundball, 6, EV 90.6 MPH)
|
|
Batting: LHB Al Soltero
|
0-0: Ball 1-0: Foul Ball, location: 2F 1-1: Ball 2-1: Swinging Strike 2-2: Ball 3-2: Strikes out swinging
|
| Top of the 5th over - 0 runs, 0 hits, 1 error, 0 left on base; Oakland (APP) 0 - Pulaski 3 |
| BOTTOM OF THE 5TH |
|
Pulaski Yankees batting - Pitching for Oakland (APP) Athletics : RHP Victor Sanchez
|
|
Batting: LHB Joel Vera
|
0-0: Swinging Strike 0-1: Swinging Strike 0-2: Ball 1-2: Foul Ball, location: 2F 1-2: Ball 2-2: Strikes out swinging
|
|
Batting: SHB Blake Abbott
|
0-0: Foul Ball, location: 2F 0-1: Ball 1-1: Foul Ball, location: 2F 1-2: Foul Ball, location: 2F 1-2: Ball 2-2: Ball 3-2: Strikes out looking
|
|
Batting: SHB Victor Ruiz
|
0-0: Ground out 4-3 (Groundball, 4, EV 78.8 MPH)
|
| Bottom of the 5th over - 0 runs, 0 hits, 0 errors, 0 left on base; Oakland (APP) 0 - Pulaski 3 |
| TOP OF THE 6TH |
|
Oakland (APP) Athletics batting - Pitching for Pulaski Yankees : RHP Chris McCoy
|
|
Batting: RHB Branden Mackie
|
0-0: Ball 1-0: Called Strike 1-1: Ball 2-1: Ground out 6-3 (Groundball, 56D, EV 105.0 MPH)
|
|
Batting: RHB Tim Anderson
|
0-0: Ball 1-0: Foul Ball, location: 2F 1-1: Ball 2-1: Foul Ball, location: 2F 2-2: SINGLE (Groundball, 56D, EV 103.1 MPH)
|
|
Batting: RHB Steve Blackshear
|
0-0: Called Strike 0-1: Called Strike 0-2: Ball 1-2: Strikes out swinging
|
|
Pitching: RHP Bobby Savoy
|
|
|
Batting: LHB Mark Friedmann
|
0-0: Called Strike 0-1: Foul Ball, location: 2F 0-2: Ball 1-2: Ball 2-2: Strikes out looking
|
| Top of the 6th over - 0 runs, 1 hit, 0 errors, 1 left on base; Oakland (APP) 0 - Pulaski 3 |
| BOTTOM OF THE 6TH |
|
Pulaski Yankees batting - Pitching for Oakland (APP) Athletics : RHP Victor Sanchez
|
|
Batting: LHB Dan Morris
|
0-0: Foul Ball, location: 2F 0-1: Foul Ball, location: 2F 0-2: Ground out 5-3 (Groundball, 5S, EV 86.9 MPH)
|
|
Batting: RHB Johannes Gutermuth
|
0-0: Ball 1-0: Called Strike 1-1: Foul Ball, location: 2F 1-2: Strikes out swinging
|
|
Batting: RHB Jordan Barragan
|
0-0: Swinging Strike 0-1: Called Strike 0-2: Foul Ball, location: 2F 0-2: Foul Ball, location: 2F 0-2: Ball 1-2: Foul Ball, location: 2F 1-2: Ball 2-2: Reached on error, E6 (Groundball, 6, EV 109.4 MPH)
|
|
Pitching: RHP Jon Hollman
|
|
|
Batting: RHB Roberto Tena
|
0-0: SINGLE (Groundball, 4M, EV 85.0 MPH) (infield hit) Jordan Barragan to third
|
|
Batting: SHB Joe Fure
|
0-0: Ground out U3 (Groundball, 34, EV 100.0 MPH)
|
| Bottom of the 6th over - 0 runs, 1 hit, 1 error, 2 left on base; Oakland (APP) 0 - Pulaski 3 |
| TOP OF THE 7TH |
|
Oakland (APP) Athletics batting - Pitching for Pulaski Yankees : RHP Bobby Savoy
|
|
Batting: RHB Matt Black
|
0-0: Ball 1-0: Ball 2-0: Ball 3-0: Called Strike 3-1: Foul Ball, location: 2F 3-2: Base on Balls
|
|
Batting: LHB Augustin Cormier
|
0-0: Called Strike 0-1: Swinging Strike 0-2: Foul Ball, location: 2F 0-2: Ball 1-2: Strikes out swinging
|
|
Batting: RHB Tetsuya Shinoda
|
0-0: Swinging Strike 0-1: Swinging Strike 0-2: Strikes out swinging
|
|
Batting: RHB Chris Temple
|
0-0: Called Strike 0-1: Ball 1-1: Foul Ball, location: 2F 1-2: Foul Ball, location: 2F 1-2: Fly out, F4 (Popup, 13, EV 83.1 MPH)
|
| Top of the 7th over - 0 runs, 0 hits, 0 errors, 1 left on base; Oakland (APP) 0 - Pulaski 3 |
| BOTTOM OF THE 7TH |
|
Pulaski Yankees batting - Pitching for Oakland (APP) Athletics : RHP Jon Hollman
|
|
Batting: RHB Bobby Melillo
|
0-0: Foul Ball, location: 2F 0-1: Swinging Strike 0-2: Ball 1-2: Strikes out swinging
|
|
Batting: LHB Joel Vera
|
0-0: Called Strike 0-1: Hit by Pitch
|
|
Batting: SHB Blake Abbott
|
0-0: Ball Joel Vera steals 2nd base 1-0: Ball 2-0: Ball 3-0: Base on Balls
|
|
Batting: SHB Victor Ruiz
|
0-0: Ball Joel Vera steals 3rd base 1-0: Foul Ball, location: 2F 1-1: Ball 2-1: Foul Ball, location: 2F 2-2: Strikes out swinging
|
|
Batting: LHB Dan Morris
|
0-0: Called Strike 0-1: Swinging Strike 0-2: Strikes out swinging
|
| Bottom of the 7th over - 0 runs, 0 hits, 0 errors, 2 left on base; Oakland (APP) 0 - Pulaski 3 |
| TOP OF THE 8TH |
|
Oakland (APP) Athletics batting - Pitching for Pulaski Yankees : RHP Bobby Savoy
|
|
Batting: LHB Al Soltero
|
0-0: Ball 1-0: Ball 2-0: Called Strike 2-1: Ground out 4-3 (Groundball, 4, EV 90.6 MPH)
|
|
Batting: RHB Branden Mackie
|
0-0: Called Strike 0-1: Ball 1-1: Called Strike 1-2: Strikes out swinging
|
|
Batting: RHB Tim Anderson
|
0-0: Ball 1-0: Ball 2-0: Hit by Pitch
|
|
Batting: RHB Steve Blackshear
|
0-0: Ball 1-0: Called Strike 1-1: Foul Ball, location: 2F 1-2: Ball 2-2: Fly out, F8 (Flyball, 78M, EV 78.8 MPH)
|
| Top of the 8th over - 0 runs, 0 hits, 0 errors, 1 left on base; Oakland (APP) 0 - Pulaski 3 |
| BOTTOM OF THE 8TH |
|
Pulaski Yankees batting - Pitching for Oakland (APP) Athletics : RHP Jon Hollman
|
|
Pitching: RHP Nick Cunningham
|
|
|
Batting: RHB Johannes Gutermuth
|
0-0: Ball 1-0: Called Strike 1-1: Swinging Strike 1-2: Foul Ball, location: 2F 1-2: Foul Ball, location: 2F 1-2: Ball 2-2: Strikes out swinging
|
|
Batting: RHB Jordan Barragan
|
0-0: Foul Ball, location: 2F 0-1: Ball 1-1: Ball 2-1: Foul Ball, location: 2F 2-2: Fly out, F8 (Line Drive, 8RM, EV 86.9 MPH)
|
|
Batting: RHB Roberto Tena
|
0-0: Called Strike 0-1: Ground out 6-3 (Groundball, 56, EV 83.1 MPH)
|
| Bottom of the 8th over - 0 runs, 0 hits, 0 errors, 0 left on base; Oakland (APP) 0 - Pulaski 3 |
| TOP OF THE 9TH |
|
Oakland (APP) Athletics batting - Pitching for Pulaski Yankees : RHP Bobby Savoy
|
|
Pitching: RHP John Robidoux
|
|
|
Batting: LHB Mark Friedmann
|
0-0: Ground out U3 (Groundball, 3, EV 85.6 MPH)
|
|
Batting: RHB Matt Black
|
0-0: Ball 1-0: Ball 2-0: Ball 3-0: Base on Balls
|
|
Batting: LHB Augustin Cormier
|
0-0: Foul Ball, location: 2F 0-1: Foul Ball, location: 2F 0-2: Ball 1-2: Ball 2-2: Foul Ball, location: 2F 2-2: Ball 3-2: Fly out, F1 (Popup, 15, EV 71.9 MPH)
|
|
Batting: RHB Tetsuya Shinoda
|
0-0: Called Strike 0-1: SINGLE (Groundball, 6MD, EV 97.5 MPH) Matt Black to second
|
|
Batting: RHB Chris Temple
|
0-0: Foul Ball, location: 2F 0-1: Called Strike 0-2: Strikes out swinging
|
| Top of the 9th over - 0 runs, 1 hit, 0 errors, 2 left on base; Oakland (APP) 0 - Pulaski 3 |
|